 Dungeon Crawl Stone Soup version 0.19-a0-1051-gdb7e7f8 (webtiles) character file.

99 HAL9000 the Covered (level 4, -2/41 HPs)
             Began as a Minotaur Fighter on Aug 1, 2016.
             Slain by a gnoll
             ... wielding a +0 halberd
              (5 damage)
             ... on level 2 of the Dungeon.
             The game lasted 00:02:36 (1112 turns).

HAL9000 the Covered (Minotaur Fighter)              Turns: 1112, Time: 00:02:36

Health: -2/41      AC:  7    Str: 21    XL:     4   Next: 45%
Magic:  3/3        EV:  7    Int:  5    God:
Gold:   76         SH:  9    Dex: 10    Spells: 0 memorised, 3 levels left

rFire  . . .     SeeInvis .     a - +0 long sword
rCold  . . .     Gourm    .     b - +0 scale mail
rNeg   . . .     Faith    .     c - +0 shield
rPois  .         Spirit   .     (helmet restricted)
rElec  .         Dismiss  .     (no cloak)
rCorr  .         Reflect  .     (no gloves)
SustAt .         Harm     .     (no boots)
MR     .....                    (no amulet)
Stlth  ..........               (no ring)
                                (no ring)

@: not resistant to hostile enchantments, extremely unstealthy
A: retaliatory headbutt, horns 2
a: no special abilities


You were on level 2 of the Dungeon.
You were not hungry.

You visited 1 branch of the dungeon, and saw 2 of its levels.

You collected 76 gold pieces.

Inventory:

Hand Weapons
 a - a +0 long sword (weapon)
Armour
 b - a +0 scale mail (worn)
 c - a +0 shield (worn)
Jewellery
 q - an uncursed ring of fire {unknown}
Scrolls
 g - 5 scrolls of identify {unknown}
 h - a scroll of blinking {unknown}
 i - a scroll of fear {unknown}
 k - a scroll of recharging {unknown}
 n - 2 scrolls of immolation {unknown}
 p - a scroll of remove curse {unknown}
Potions
 d - a potion of might
 m - a potion of brilliance {unknown}
Comestibles
 f - 2 bread rations
 j - a royal jelly
 l - 3 fruits
 o - a beef jerky


   Skills:
 + Level 4.3 Fighting
 * Level 3.8 Long Blades
 + Level 4.5 Armour
 + Level 4.2 Shields


You had 3 spell levels left.
You didn't know any spells.

Dungeon Overview and Level Annotations

Branches:
Dungeon (2/15)

Altars:
Makhleb


Innate Abilities, Weirdness & Mutations

You reflexively headbutt those who attack you in melee.
You have a pair of horns on your head.


Message History

You closely miss the gnoll.
The gnoll is lightly wounded.
You block the gnoll's attack. x2
Unknown command.
You slash the gnoll!
The gnoll is severely wounded.
You block the gnoll's attack. The gnoll hits you with a halberd.
You hit the gnoll. Your headbutt misses the gnoll.
The gnoll is severely wounded.
The gnoll hits you with a flail. The gnoll hits you with a halberd!
* * * LOW HITPOINT WARNING * * *
The gnoll hits you with a flail.
* * * LOW HITPOINT WARNING * * *
You are too injured to fight recklessly!
You are too injured to fight recklessly!
You are too injured to fight recklessly!
Unknown command.
The gnoll hits you but does no damage.
The gnoll hits you from afar with a halberd.
You die...

##.# #...##.##.)###### ...#
#####..###......#######
###############.#########........
..........................#######
################.########.# # #.#
#.# # #.# #.# # #.# #.# # #@#
#.#######
########.########......##
........gg..........##.##
########.#######.##.#....
#........#.#.#..##
#.#######.##....#
#......##.##...##
#.####..........# #.#
####.##....#


You could see 2 gnolls.

Vanquished Creatures
  Terence (D:2)
  A gnoll (D:2)
  An adder (D:2)
  An ooze (D:1)
  A worm (D:2)
  A dart slug (D:1)
  A giant gecko (D:1)
  2 giant cockroaches
  5 goblins
  3 hobgoblins
  10 jackals (D:1)
  4 bats (D:1)
  4 giant newts
  6 kobolds
  4 rats (D:1)
45 creatures vanquished.

Notes
Turn   | Place    | Note
-------+----------+-------------------------------------------
     0 | D:1      | HAL9000 the Minotaur Fighter began the quest for the Orb.
     0 | D:1      | Reached XP level 1. HP: 19/19 MP: 0/0
   209 | D:1      | Reached XP level 2. HP: 27/27 MP: 1/1
   261 | D:1      | Reached XP level 3. HP: 30/33 MP: 2/2
   687 | D:2      | Found a burning altar of Makhleb.
   771 | D:2      | Noticed Terence
   792 | D:2      | Killed Terence
   946 | D:2      | Reached XP level 4. HP: 36/40 MP: 3/3
  1112 | D:2      | Slain by a gnoll

Vault maps used:
D:1:      dpeg_arrival_chambers_temple_mockup, grunt_decor_arrowhead
D:2:      lemuel_round_altar, corexii_shack, columned_hall_lemuel, uniq_terence

Skill      XL: |  1  2  3 |
---------------+----------+-----
Armour         | 4 |  4.5
Fighting       | 4 |  4.3
Shields        | 4 |  4.2
Long Blades    | 3 |  3.8

Action                   |  1- 3 |  4- 6 || total
-------------------------+-------+-------++-------
Melee: Long sword        |   113 |    22 ||   135
       Headbutt          |    11 |     6 ||    17
  Eat: Chunk             |       |     1 ||     1
Armor: Scale mail        |    46 |     6 ||    52
Dodge: Dodged            |    33 |     2 ||    35
Block: Shield            |    55 |    17 ||    72
